 Dungeon Crawl Stone Soup version 0.28-a0-1234-g826d19b2e0 (webtiles) character file.

Game seed: 13026799364831466809

1373 Zonian the Skirmisher (level 8, 0/65 HPs)
             Began as a Barachi Fighter on Dec 24, 2021.
             Was a Believer of Uskayaw.
             Slain by an unseen horror (7 damage)
             ... on level 6 of the Dungeon.
             The game lasted 00:10:06 (7981 turns).

Zonian the Skirmisher (Barachi Fighter)             Turns: 7981, Time: 00:10:07

Health: 0/65       AC:  7    Str: 18    XL:     8   Next: 66%
Magic:  8/8        EV:  9    Int:  8    God:    Uskayaw [**....]
Gold:   151        SH:  6    Dex: 14    Spells: 7/7 levels left

rFire   . . .      SeeInvis .   a - +2 war axe (vorpal)
rCold   . . .      Faith    .   c - +1 buckler
rNeg    . . .      Spirit   .   b - +0 scale mail
rPois   .          Reflect  .   (no helmet)
rElec   .          Harm     .   (no cloak)
rCorr   .          Rampage  .   (no gloves)
Will    .....                   (no boots)
Stlth   +.........              (no amulet)
HPRegen 0.20/turn               (no ring)
MPRegen 0.11/turn               (no ring)

@: slow
A: amphibious, slowness 1, strong legs 1, +LOS
a: Hop, Renounce Religion, Stomp, Line Pass


You were on level 6 of the Dungeon.
You worshipped Uskayaw.
Uskayaw was noncommittal.
You visited 1 branch of the dungeon, and saw 6 of its levels.

You collected 151 gold pieces.

Inventory:

Hand Weapons
 a - a +2 vorpal war axe (weapon)
 e - a +3 hunting sling
 g - a +2 dagger of holy wrath
 n - a +2 falchion of holy wrath
Missiles
 r - 11 poisoned darts
 s - 19 sling bullets
 t - 5 javelins
Armour
 b - a +0 scale mail (worn)
 c - a +1 buckler (worn)
 q - the +1 robe of Araru {Harm *Slow rC+ Regen+}
   (You found it on level 6 of the Dungeon)

   rC:        It protects you from cold.
   Regen:     It increases your rate of health regeneration.
   *Slow:     It may slow you when you take damage.
   Harm:      It increases damage dealt and taken.
Wands
 p - a wand of mindburst (5)
Scrolls
 i - a scroll of teleportation
 j - 2 scrolls of fog
 k - a scroll of magic mapping
Potions
 d - a potion of flight
 f - a potion of attraction {unknown}
 h - a potion of magic {unknown}
 l - 4 potions of curing
 m - 3 potions of haste
 o - 2 potions of heal wounds {unknown}
 v - a potion of cancellation {unknown}


   Skills:
 + Level 6.8 Fighting
 + Level 5.6 Axes
 + Level 6.7 Armour
 + Level 3.3 Stealth
 + Level 6.2 Shields


You had 7 spell levels left.
You didn't know any spells.
Your spell library contained the following spells:

 Spells                   Type           Power      Damage    Failure   Level
 Shock                    Conj/Air       0%         1d3       77%         1
 Slow                     Hex            0%         N/A       77%         1
 Static Discharge         Conj/Air       0%         N/A       88%         2
 Confusing Touch          Hex            0%         N/A       98%         3
 Swiftness                Air            0%         N/A       98%         3
 Vampiric Draining        Necr           0%         2d6       98%         3
 Airstrike                Air            0%         N/A       100%        4
 Lightning Bolt           Conj/Air       0%         1d11      100%        5
 Maxwell's Capacitive Co  Air            0%         ∞         100%        8


Dungeon Overview and Level Annotations

Branches:
Dungeon (6/15)             Temple (0/1) D:5

Altars:
Cheibriados
Elyvilon
Gozag
Okawaru
Uskayaw
Xom

Shops:
D:1 ?


Innate Abilities, Weirdness & Mutations

You are amphibious.
You cover ground slowly.
You can hop short distances.
You have an extended range of vision and can be seen from far away.


Message History

There is an open door, spattered with blood here.
As you open the door, it creaks loudly!
There is an open door here.
Something hits you.
Deactivating autopickup; reactivate with Ctrl-A.
Something completely misses you.
Unknown command.
Okay, then.
Something hits you. Something hits you but does no damage.
You hit something but do no damage. Something hits you!
You miss something. Something hits you but does no damage.
You closely miss something. Something hits you.
Something hits you but does no damage. Something hits you.
Something hits you but does no damage.
There is an open door here.
Something hits you! Something hits you.
You closely miss something. Something hits you. x2
You slash something!
Something hits you but does no damage. x2
You miss something. Something hits you. Something hits you but does no damage.
Something hits you.
You barely miss something. Something hits you.
* * * LOW HITPOINT WARNING * * *
You hit something. Something hits you.
* * * LOW HITPOINT WARNING * * *
Something hits you.
* * * LOW HITPOINT WARNING * * *
Unknown command.
You block something's attack. Something hits you.
* * * LOW HITPOINT WARNING * * *
You slash something! Something hits you.
* * * LOW HITPOINT WARNING * * *
You can now pass through a line of other dancers.
You feel better. Something hits you.
* * * LOW HITPOINT WARNING * * *
You hit something. Something hits you!
* * * LOW HITPOINT WARNING * * *
Something hits you!
You die...

....#....#...............#...#
....######...............#...#
................)........#...#
.......(.................#...#
.........................#...#
...............#####.....#...#
...............#...#.....#...#
...............#...#.<...#...#
...............#@..#.....#...#
...............#...'.....#...#
...............#...#.....#####
########'#.....#...#######
#...#.....#...#
#...#.....#....
#...#.....#....#
#...#.....#....#
#...#.....#...##


There were no monsters in sight!

Vanquished Creatures
  Edmund (D:5)
  An ice beast (D:5)
  An orc warrior (D:4)
  A black bear (D:6)
  2 ogres
  A centaur (D:5)
  A bullfrog (D:6)
  3 jellies
  4 orc priests
  4 hounds
  4 iguanas
  3 orc wizards
  A gnoll (D:1)
  7 adders
  An ufetubus (D:4)
  An adder skeleton (D:4)
  2 worms (D:2)
  A dart slug (D:1)
  17 orcs
  9 endoplasms
  2 giant cockroaches
  7 goblins
  2 hobgoblins (D:2)
  5 jackals (D:1)
  4 kobolds
  3 quokkas
  5 ball pythons
  5 bats
  5 frilled lizards
  A quokka skeleton (D:4)
  3 rats
  A spectral kobold (D:2)
108 creatures vanquished.

Notes
Turn   | Place    | Note
-------+----------+-------------------------------------------
     0 | D:1      | Zonian the Barachi Fighter began the quest for the Orb.
     0 | D:1      | Reached XP level 1. HP: 18/18 MP: 1/1
   361 | D:1      | Reached XP level 2. HP: 25/25 MP: 2/2
   364 | D:1      | Found Pichuruf's Magic Scroll Shoppe.
   629 | D:1      | Reached XP level 3. HP: 12/30 MP: 3/3
  1785 | D:2      | Reached XP level 4. HP: 37/37 MP: 4/4
  1871 | D:2      | Found a shimmering altar of Xom.
  1913 | D:2      | Found a faded altar of an unknown god.
  2864 | D:3      | Reached XP level 5. HP: 12/43 MP: 5/5
  4061 | D:4      | Reached skill level 5 in Fighting
  4069 | D:4      | Reached XP level 6. HP: 14/51 MP: 6/6
  4074 | D:4      | Reached skill level 5 in Armour
  4076 | D:4      | Noticed an orc warrior
  4519 | D:4      | Killed an orc warrior
  4520 | D:4      | Reached skill level 1 in Stealth
  4520 | D:4      | Reached skill level 5 in Shields
  4520 | D:4      | Reached XP level 7. HP: 36/56 MP: 7/7
  4855 | D:4      | Found an opulent altar of Gozag.
  4855 | D:4      | Found a hide-covered altar of Uskayaw.
  4856 | D:4      | Found a snail-covered altar of Cheibriados.
  4865 | D:4      | Became a worshipper of Uskayaw the Reveller
  4889 | D:4      | Found an iron altar of Okawaru.
  4967 | D:4      | Reached * piety under Uskayaw
  4998 | D:4      | Reached ** piety under Uskayaw
  5702 | D:5      | Entered Level 5 of the Dungeon
  5784 | D:5      | Found a white marble altar of Elyvilon.
  5919 | D:5      | Noticed Edmund
  5924 | D:5      | Killed Edmund
  6350 | D:5      | Reached *** piety under Uskayaw
  6351 | D:5      | Reached skill level 5 in Axes
  6351 | D:5      | Reached XP level 8. HP: 62/64 MP: 8/8
  6780 | D:5      | Found a staircase to the Ecumenical Temple.
  7223 | D:6      | Identified the +1 robe of Araru {Harm *Slow rC+ Regen+}
  7981 | D:6      | Slain by an unseen horror

Illustrated notes

Levels and vault maps discovered:
D:1:      psy_arrival_conway, layout_loops_corners, serial_shops, shop,
          nicolae_figureground_pulse
D:2:      layout_loops_cross, dreamdust_ecumenical_altar_drowned_temple,
          basic_altar
D:3:      layout_basic
D:4:      layout_cave_pods, chequers_temple_overflow_statue_of_worship,
          overflow_temple_1_default
D:5:      layout_layer_cave, mainiacjoe_overflow_six_doors_small,
          minmay_temple_entry_crystal_x, corexii_hall_statues_t,
          kennysheep_nondescript, minmay_splitting_lines, uniq_edmund
D:6:      layout_gridville

Skill      XL: |  1  2  3  4  5  6  7  8 |
---------------+-------------------------+-----
Fighting       | 4 5 6 |  6.8
Armour         | 4 5 6 |  6.7
Axes           | 3 4 5 |  5.6
Shields        | 4 5 6 |  6.2
Stealth        | 1 2 3 |  3.3

Action                   |  1- 3 |  4- 6 |  7- 9 || total
-------------------------+-------+-------+-------++-------
Melee: War axe           |    83 |   154 |   115 ||   352
 Abil: Hop               |       |     1 |       ||     1
Evoke: Wand              |       |     9 |     5 ||    14
  Use: Potion            |       |     2 |     1 ||     3
       Scroll            |       |       |    12 ||    12
 Stab: Paralysed         |       |       |     2 ||     2
Armor: Scale mail        |    41 |    82 |    55 ||   178
Dodge: Dodged            |    43 |    51 |    52 ||   146
Block: Buckler           |    17 |    36 |    40 ||    93

Table legend: (Time is in decaauts)
 A = Elapsed time spent in this place.
 B = Non-inter-level travel time spent in this place.
 C = Inter-level travel time spent in this place.
 D = Time resting spent in this place.
 E = Time spent auto-exploring this place.
 F = Levels seen in this place.
 G = Mean time per level.
                   A        B        C        D        E       F      G
               +--------+--------+--------+--------+--------+-----+--------+
         Total |   8864 |   8714 |    150 |   2668 |   4886 |   6 | 1477.3 |
       Dungeon |   8864 |   8714 |    150 |   2668 |   4886 |   6 | 1477.3 |
               +--------+--------+--------+--------+--------+-----+--------+

Top non-repeatable levels by time:
     D:4: 2046 daAuts
     D:1: 1747 daAuts
     D:5: 1673 daAuts
     D:3: 1348 daAuts
     D:2: 1197 daAuts
     D:6: 851 daAuts
